Map: Odyssey LE

Players

Neeb - Winner!

  • Race: Protoss Protoss
  • League: Master
  • Spawn Location: 5:00

Kelazhur

  • Race: Terran Terran
  • League: Master
  • Spawn Location: 11:00

VOD

Have the link to the VOD?

Description

Time

  • Played on: Dec. 23, 2017, 8:35 p.m.
  • Length: 4:26
Show
View Real Time Build Order
Export as new Build Order

Neeb Protoss - Winner!

Build Orders:  

Get SALT Encoding   

  12  0:00  Probe  
  13  0:12  Probe  
  14  0:16  Pylon  
  14  0:24  Probe  
  15  0:36  Gateway  
  15  0:37  Probe (Chrono Boost)  
  16  0:48  Probe (Chrono Boost)  
  16  0:49  Assimilator  
  17  0:53  Probe (Chrono Boost)  
  18  0:58  Pylon  
  18  1:04  Probe  
  19  1:16  Gateway  
  19  1:17  Probe  
  20  1:25  Cybernetics Core  
  20  1:29  Probe  
  21  1:34  Assimilator  
  21  1:41  Probe  
  21  1:44  Pylon  
  22  1:53  Probe  
  23  1:59  Stalker (Chrono Boost)  
  23  2:05  Probe  
  28  2:10  Warp Gate  
  28  2:12  Stalker (Chrono Boost)  
  28  2:20  Stalker (Chrono Boost)  
  30  2:28  Probe  
  30  2:42  Pylon, Stalker  
  32  2:57  Stargate  
  32  3:08  Nexus  
  32  3:14  Stalker (Chrono Boost)  
  34  3:20  Probe  
  33  3:32  Probe  
  34  3:44  Probe  
  33  3:56  Probe  
  33  4:08  Probe  
Show
View Real Time Build Order
Export as new Build Order

Kelazhur Terran 

Build Orders: Gas First Reaper Expand, Reaper Expand 

Get SALT Encoding   

  12  0:00  SCV  
  13  0:12  SCV  
  14  0:16  Supply Depot  
  14  0:25  SCV  
  15  0:35  Refinery  
  15  0:38  SCV  
  16  0:43  Barracks  
  16  0:50  SCV  
  17  1:02  SCV  
  18  1:15  SCV  
  19  1:30  Reaper, Orbital Command  
  20  1:41  Command Center  
  20  1:55  Factory  
  20  1:56  SCV  
  21  2:09  SCV  
  21  2:13  Barracks Reactor  
  21  2:14  Supply Depot  
  22  2:21  SCV  
  23  2:25  Bunker  
  23  2:34  SCV  
  23  2:42  Widow Mine  
  24  2:47  SCV  
  24  2:49  Marine x2  
  27  2:52  Supply Depot, Refinery  
  27  3:01  SCV  
  28  3:06  Widow Mine  
  30  3:14  Command Center  
  30  3:17  Marine x2  
  32  3:22  SCV  
  28  3:34  Cyclone  
  28  3:35  Marine x2  
  28  3:37  SCV  
  27  3:49  SCV  
  25  3:53  Marine x2  
  25  4:01  SCV  
Tags
 
Add a new tag
Caveats
  • Supply blocks, unpowered buildings, or Contaminate may cause inaccurate times.
  • Supply counts are checked every 10 seconds.